 Dungeon Crawl Stone Soup version 0.18.1-48-g4cf74bf (webtiles) character file.

1311 WarriorsX the Fighter (level 8, -7/71 HPs)
             Began as a Human Fighter on July 30, 2016.
             Killed from afar by Blork the orc (8 damage)
             ... with a puff of flame
             ... on level 5 of the Dungeon.
             The game lasted 00:10:40 (4408 turns).

WarriorsX the Fighter (Human Fighter)               Turns: 4408, Time: 00:10:45

Health: -7/71      AC:  7    Str: 19    XL:     8   Next: 89%
Magic:  8/8        EV: 12    Int:  8    God:
Gold:   186        SH:  9    Dex: 13    Spells: 0 memorised, 7 levels left

rFire  . . .     SeeInvis .     a - +0 long sword
rCold  . . .     Gourm    .     b - +0 scale mail
rNeg   . . .     Faith    .     c - +0 shield
rPois  .         Spirit   .     (no helmet)
rElec  .         Dismiss  .     r - +0 cloak
rCorr  .         Reflect  .     (no gloves)
SustAt .         Harm     .     (no boots)
MR     .....                    (no amulet)
Stlth  ..........               (no ring)
                                l - +5 ring of evasion

@: not resistant to hostile enchantments, extremely unstealthy
A: no striking features
a: no special abilities


You were on level 5 of the Dungeon.
You were hungry.

You visited 1 branch of the dungeon, and saw 5 of its levels.

You collected 186 gold pieces.

Inventory:

Hand Weapons
 a - a +0 long sword (weapon)
 n - a +0 whip of flaming
Armour
 b - a +0 scale mail (worn)
 c - a +0 shield (worn)
 r - a +0 cloak (worn)
Jewellery
 l - a +5 ring of evasion (left hand)
 t - an uncursed amulet of dismissal
Scrolls
 e - a scroll of fog {unknown}
 h - 3 scrolls of remove curse {unknown}
 i - a scroll of recharging {unknown}
 m - a scroll of magic mapping {unknown}
 o - 2 scrolls of immolation {unknown}
 q - 5 scrolls of identify {unknown}
Potions
 d - 2 potions of might
 k - 3 potions of curing
Comestibles
 f - 2 bread rations
 g - a beef jerky
 j - 3 meat rations
 p - 4 chunks of flesh
 s - a slice of pizza
 u - a royal jelly


   Skills:
 - Level 9.1 Fighting
 + Level 5.8 Long Blades
 - Level 3.0 Armour
 - Level 3.0 Shields


You had 7 spell levels left.
You didn't know any spells.

Dungeon Overview and Level Annotations

Branches:
Dungeon (5/15)
 Temple: D:4-7

Altars:
Makhleb
Ru
Trog
Zin

Annotations:
D:5 Blork the orc


Message History

The magic dart hits you! The centaur hits you.
Blork the orc gestures at you while chanting.
The magic dart hits you! The centaur hits you!
Blork the orc drinks a potion.
Blork the orc seems to grow stronger.
The centaur closely misses you.
You are feeling hungry.
You block the centaur's attack. Blork the orc hits you with a war axe!!
* * * LOW HITPOINT WARNING * * *
The centaur wields an uncursed shortbow.
The centaur shoots an arrow.
The arrow hits you!
* * * LOW HITPOINT WARNING * * *
You see here an arrow.
The centaur shoots an arrow.
The arrow hits you.
* * * LOW HITPOINT WARNING * * *
Blork the orc casts a spell at you. The puff of flame misses you.
The centaur shoots an arrow.
The arrow hits you.
* * * LOW HITPOINT WARNING * * *
Blork the orc casts a spell at you. The puff of flame hits you!
You die...

.####....... ..
...$...#.#######. ..
##.............. .
..##............#.### ..
................#... ...
...........$)...........
##..........(....#......
#...........)...#...###
#..........(.o(@.......
##....................##
.............c....##..#
.#....................#
.#..##.##.##.......##.
....#).##..........#
...................#
..#<†.......$.####.#
....#.##......# ..


You could see Blork the orc and a centaur.

Vanquished Creatures
  Pikel (D:4)
  Edmund (D:3)
  A phantom (D:5)
  2 ogres (D:4)
  A scorpion (D:4)
  3 howler monkeys
  A crimson imp (D:4)
  3 hounds (D:4)
  A giant frog skeleton (D:5)
  Crazy Yiuf (D:2)
  An iguana (D:4)
  A worker ant (D:4)
  6 adders
  A worm (D:2)
  2 dart slugs
  2 giant geckos
  3 bats (D:2)
  2 giant cockroaches
  5 goblins
  3 hobgoblins
  4 jackals (D:4)
  5 quokkas
  2 ball pythons (D:2)
  A giant gecko skeleton (D:4)
  2 giant newts (D:2)
  7 kobolds
  6 rats
68 creatures vanquished.

Vanquished Creatures (others)
  A wizard (D:4)
1 creature vanquished.

Grand Total: 69 creatures vanquished

Notes
Turn   | Place    | Note
--------------------------------------------------------------
     0 | D:1      | WarriorsX the Human Fighter began the quest for the Orb.
     0 | D:1      | Reached XP level 1. HP: 18/18 MP: 1/1
   382 | D:1      | Reached XP level 2. HP: 13/24 MP: 2/2
   659 | D:1      | Found a glowing silver altar of Zin.
   973 | D:2      | Reached XP level 3. HP: 27/29 MP: 3/3
  1417 | D:2      | Noticed Crazy Yiuf
  1424 | D:2      | Killed Crazy Yiuf
  1424 | D:2      | Reached XP level 4. HP: 35/35 MP: 4/4
  1689 | D:3      | Found a burning altar of Makhleb.
  1802 | D:3      | Found a sacrificial altar of Ru.
  2312 | D:4      | Reached XP level 5. HP: 40/42 MP: 5/5
  2341 | D:4      | Reached skill level 4 in Fighting
  2546 | D:4      | Noticed Edmund
  2604 | D:5      | Entered Level 5 of the Dungeon
  2659 | D:3      | Killed Edmund
  2659 | D:3      | Reached skill level 5 in Fighting
  2659 | D:3      | Reached XP level 6. HP: 26/51 MP: 6/6
  3109 | D:4      | Reached skill level 6 in Fighting
  3283 | D:4      | Found a bloodstained altar of Trog.
  3284 | D:4      | Noticed a wizard
  3290 | D:4      | Killed a wizard
  3356 | D:4      | Reached XP level 7. HP: 50/59 MP: 7/7
  3878 | D:5      | Noticed Pikel
  3911 | D:4      | Killed Pikel
  3911 | D:4      | Reached skill level 8 in Fighting
  3911 | D:4      | Reached XP level 8. HP: 31/69 MP: 8/8
  4184 | D:4      | Reached skill level 9 in Fighting
  4261 | D:4      | Reached skill level 5 in Long Blades
  4398 | D:5      | Noticed Blork the orc
  4408 | D:5      | HP: 1/71 [centaur/arrow (3)]
  4408 | D:5      | Killed from afar by Blork the orc

Skill      XL: |  1  2  3  4  5  6  7  8 |
---------------+-------------------------+-----
Long Blades    | 3 4 5 |  5.8
Fighting       | 5 6 8 9 |  9.1
Armour         | |  3.0
Shields        | |  3.0

Action                   |  1- 3 |  4- 6 |  7- 9 || total
-------------------------+-------+-------+-------++-------
Melee: Long sword        |    92 |   138 |    76 ||   306
  Use: Potion            |       |     1 |     4 ||     5
  Eat: Chunk             |     1 |     6 |     4 ||    11
Armor: Scale mail        |    42 |    81 |    37 ||   160
Dodge: Dodged            |    18 |    54 |    36 ||   108
Block: Shield            |    42 |    73 |    47 ||   162
